 Dungeon Crawl Stone Soup version 0.19.1 (webtiles) character file.

144 empire the Sneak (level 5, 0/35 HPs)
             Began as a Vampire Enchanter on Dec 21, 2016.
             Slain by a gnoll
             ... wielding a +0 halberd
              (5 damage)
             ... on level 3 of the Dungeon.
             The game lasted 00:07:51 (3141 turns).

empire the Sneak (Vampire Enchanter)                Turns: 3141, Time: 00:07:52

Health: 0/35       AC:  4    Str:  7    XL:     5   Next: 5%
Magic:  5/8        EV: 12    Int: 17    God:
Gold:   152        SH:  0    Dex: 16    Spells: 3 memorised, 1 level left

rFire  . . .     SeeInvis +     a - +1 dagger
rCold  . . .     Gourm    .     b - +0 leather armour
rNeg   . . .     Faith    .     (no shield)
rPois  .         Spirit   .     d - +0 helmet
rElec  .         Reflect  .     (no cloak)
rCorr  .         Harm     .     (no gloves)
MR     .....                    (no boots)
Stlth  +++.......               (no amulet)
                                (no ring)
                                (no ring)

@: regenerating quickly
A: fangs 3, see invisible, unbreathing
a: no special abilities


You were on level 3 of the Dungeon.
You were full.

You visited 1 branch of the dungeon, and saw 3 of its levels.

You collected 152 gold pieces.

Inventory:

Hand Weapons
 a - a +1 dagger (weapon)
 j - a +2 whip of pain
Missiles
 l - 59 arrows
Armour
 b - a +0 leather armour (worn)
 d - a +0 helmet (worn)
Scrolls
 f - 3 scrolls of amnesia
 g - 8 scrolls of identify {unknown}
 i - 4 scrolls of remove curse {unknown}
 m - 2 scrolls of random uselessness {unknown}
 n - 2 scrolls of teleportation {unknown}
Books
 c - a book of Maledictions

   Spells                             Type                      Level
   a - Corona                         Hexes                        1
   b - Ensorcelled Hibernation        Hexes/Ice                    2
   c - Confuse                        Hexes                        3
   d - Tukima's Dance                 Hexes                        3
   e - Dazzling Spray                 Conjuration/Hexes            3


   Skills:
 - Level 4.3 Short Blades
 - Level 2.1 Dodging
 + Level 6.4 Stealth
 - Level 2.0 Spellcasting
 - Level 4.4 Hexes


You had one spell level left.
You knew the following spells:

 Your Spells              Type           Power        Failure   Level  Hunger
a - Corona                Hex            ###....      6%          1    #......
b - Confuse               Hex            ###.....     17%         3    ###....
c - Dazzling Spray        Conj/Hex       #.....       38%         3    ###....


Dungeon Overview and Level Annotations

Branches:
Dungeon (3/15)

Altars:
Dithmenos
Kikubaaqudgha
Trog

Annotations:
D:2 Terence
D:3 Grinder


Innate Abilities, Weirdness & Mutations

Your natural rate of healing is unusually fast.
You have razor-sharp teeth.
You have supernaturally acute eyesight. (SInv)
You can survive without breathing.


Message History

The gnoll is heavily wounded.
The gnoll barely misses you.
You hit the gnoll.
The gnoll is severely wounded.
The gnoll barely misses you.
You hit the gnoll.
The gnoll is severely wounded.
You hit the gnoll.
The gnoll is almost dead.
The gnoll barely misses you.
Casting: Confuse
Confirm with . or Enter, or press ? or * to list all spells.
Aiming: Confuse
Press: ? - help, Shift-Dir - straight line, f - gnoll
Aim: a gnoll, wielding a halberd (almost dead, chance to defeat MR: 55%)
The gnoll appears confused.
The gnoll closely misses you.
You barely miss the gnoll.
The gnoll is almost dead.
The gnoll hits you with a halberd.
You die...

#.# #.#
#.# #.#
#.# #.#
#g# #.#
### #.#
#@#
#.######g#
#....g...#
#.########
###


You could see a gnoll (confused).

Vanquished Creatures
  3 gnolls (D:3)
  4 adders
  2 oozes (D:1)
  2 worms (D:2)
  2 dart slugs
  3 leopard geckos
  7 bats
  4 giant cockroaches
  12 goblins
  6 hobgoblins
  4 jackals
  2 kobolds
  3 ball pythons
  7 rats
61 creatures vanquished.

Notes
Turn   | Place    | Note
-------+----------+-------------------------------------------
     0 | D:1      | empire the Vampire Enchanter began the quest for the Orb.
     0 | D:1      | Reached XP level 1. HP: 13/13 MP: 3/3
   262 | D:1      | Reached XP level 2. HP: 15/19 MP: 5/5
   946 | D:1      | Reached XP level 3. HP: 13/24 MP: 6/6
  1090 | D:1      | Learned a level 3 spell: Confuse
  1826 | D:2      | HP: 1/24 [poisoned by an adder]
  1828 | D:2      | Reached XP level 4. HP: 2/30 MP: 7/7
  1950 | D:2      | Found a bloodstained altar of Trog.
  2201 | D:2      | Reached skill level 5 in Stealth
  2390 | D:2      | Found a shadowy altar of Dithmenos.
  2390 | D:2      | Found an ancient bone altar of Kikubaaqudgha.
  2402 | D:2      | Learned a level 3 spell: Dazzling Spray
  2493 | D:3      | Noticed Terence
  2824 | D:3      | Reached skill level 6 in Stealth
  2827 | D:3      | Reached XP level 5. HP: 20/35 MP: 8/8
  2966 | D:3      | Noticed Grinder
  3141 | D:3      | Slain by a gnoll

Skill      XL: |  1  2  3  4 |
---------------+-------------+-----
Short Blades   | 2 3 4 |  4.3
Stealth        | 6 |  6.4
Dodging        | |  2.1
Spellcasting   | |  2.0
Hexes          | |  4.4

Action                   |  1- 3 |  4- 6 || total
-------------------------+-------+-------++-------
Melee: Dagger            |   162 |   179 ||   341
       Bite              |    13 |    17 ||    30
 Cast: Confuse           |       |     3 ||     3
  Use: Potion            |    11 |     2 ||    13
       Scroll            |       |     1 ||     1
 Stab: Sleeping          |     5 |     3 ||     8
  Eat: Corpse            |     4 |     5 ||     9
Armor: Robe              |     4 |       ||     4
       Leather armour    |    30 |    32 ||    62
Dodge: Dodged            |   100 |   123 ||   223
